TOP OF THE 1ST |
---|
Nashua Redlegs batting - Pitching for Beaverton Bronze Souls : RHP Arturo García | Pitching: RHP Arturo García | | Batting: RHB Manuel Pérez | 0-0: Ball 1-0: Ball 2-0: Swinging Strike 2-1: Ball 3-1: Swinging Strike 3-2: Strikes out looking | Batting: LHB Robby Lawson | 0-0: Ball 1-0: Called Strike 1-1: Ball 2-1: Called Strike 2-2: Strikes out swinging | Batting: RHB Eleuterio Supardo | 0-0: Called Strike 0-1: TRIPLE (Flyball, 8RXD) | Batting: LHB Bob Campbell | 0-0: DOUBLE (Line Drive, 7LM) Eleuterio Supardo scores | Batting: RHB Gerald Miller | 0-0: Ball 1-0: Foul Ball, location: 2F 1-1: Ball 2-1: Called Strike 2-2: Strikes out swinging | Top of the 1st over - 1 run, 2 hits, 0 errors, 1 left on base; Nashua 1 - Beaverton 0 | BOTTOM OF THE 1ST |
---|
Beaverton Bronze Souls batting - Pitching for Nashua Redlegs : LHP Patrick Carlson | Pitching: LHP Patrick Carlson | | Batting: RHB Cameron Irwin | 0-0: Ball 1-0: Ball 2-0: Called Strike 2-1: Ball 3-1: Foul Ball, location: 2F 3-2: Base on Balls | Batting: RHB Nathan Smith | 0-0: Ball Cameron Irwin steals 2nd base 1-0: Ball 2-0: Ball 3-0: Called Strike 3-1: Called Strike 3-2: Base on Balls | Batting: RHB Júlio Rodríguez | 0-0: Ball Throwing error on steal attempt, E2 Cameron Irwin scores Nathan Smith to third 1-0: Foul Ball, location: 2F 1-1: Ball 2-1: Ball 3-1: Called Strike 3-2: Strikes out looking | Batting: RHB Pedro Rivera | 0-0: Ball 1-0: Called Strike 1-1: Ball 2-1: Ball 3-1: Foul Ball, location: 2F 3-2: Base on Balls | Batting: RHB David Kerr | 0-0: Ball 1-0: Called Strike 1-1: Foul Ball, location: 2F 1-2: Ground out 4-3 (Groundball, 4) Nathan Smith scores Pedro Rivera to second | Batting: RHB Armando García | 0-0: Called Strike 0-1: Ball 1-1: Ball 2-1: Ball Wild Pitch! Pedro Rivera to third 3-1: Ground out 6-3 (Groundball, 56) | Bottom of the 1st over - 2 runs, 0 hits, 1 error, 1 left on base; Nashua 1 - Beaverton 2 | TOP OF THE 2ND |
---|
Nashua Redlegs batting - Pitching for Beaverton Bronze Souls : RHP Arturo García | Batting: RHB William Rogers | 0-0: Swinging Strike 0-1: Swinging Strike 0-2: Ball 1-2: Foul Ball, location: 2F 1-2: Foul Ball, location: 2F 1-2: Ball 2-2: Strikes out swinging | Batting: RHB David Adams | 0-0: Called Strike 0-1: Foul Ball, location: 2F 0-2: Ground out 5-3 (Groundball, 56S) | Batting: RHB Jorge Valenzuela | 0-0: Foul Ball, location: 2F 0-1: Swinging Strike 0-2: Strikes out swinging | Top of the 2nd over - 0 runs, 0 hits, 0 errors, 0 left on base; Nashua 1 - Beaverton 2 | BOTTOM OF THE 2ND |
---|
Beaverton Bronze Souls batting - Pitching for Nashua Redlegs : LHP Patrick Carlson | Batting: RHB Rubén Ramírez | 0-0: Swinging Strike 0-1: Ground out 5-3 (Groundball, 56) | Batting: RHB Carlos Carrillo | 0-0: Called Strike 0-1: Ball 1-1: Reached via error on a dropped throw, E3 | Batting: LHB Jonathan Belisle | 0-0: Fly out, F8 (Flyball, 8LM) | Batting: RHB Cameron Irwin | 0-0: Called Strike 0-1: Ball 1-1: Ball 2-1: Ball 3-1: DOUBLE (Flyball, 7LD) Carlos Carrillo to third Runner from 3rd tries for Home, SAFE, no throw | Batting: RHB Nathan Smith | 0-0: Ball 1-0: Foul Ball, location: 2F 1-1: Called Strike 1-2: Foul Ball, location: 2F 1-2: Ball 2-2: Ball 3-2: Strikes out looking | Bottom of the 2nd over - 1 run, 1 hit, 1 error, 1 left on base; Nashua 1 - Beaverton 3 | TOP OF THE 3RD |
---|
Nashua Redlegs batting - Pitching for Beaverton Bronze Souls : RHP Arturo García | Batting: RHB António López | 0-0: Ball 1-0: Foul Ball, location: 2F 1-1: Ball 2-1: Ground out 4-3 (Groundball, 4D) | Batting: RHB Manuel Pérez | 0-0: Ground out U3 (Groundball, 34S) | Batting: LHB Robby Lawson | 0-0: Called Strike 0-1: Called Strike 0-2: Fly out, F8 (Flyball, 8LD) | Top of the 3rd over - 0 runs, 0 hits, 0 errors, 0 left on base; Nashua 1 - Beaverton 3 | BOTTOM OF THE 3RD |
---|
Beaverton Bronze Souls batting - Pitching for Nashua Redlegs : LHP Patrick Carlson | Batting: RHB Júlio Rodríguez | 0-0: Ground out 6-3 (Groundball, 6M) | Batting: RHB Pedro Rivera | 0-0: Called Strike 0-1: Swinging Strike 0-2: Strikes out looking | Batting: RHB David Kerr | 0-0: Foul Ball, location: 2F 0-1: Ball 1-1: Called Strike 1-2: Ball 2-2: Strikes out looking | Bottom of the 3rd over - 0 runs, 0 hits, 0 errors, 0 left on base; Nashua 1 - Beaverton 3 | TOP OF THE 4TH |
---|
Nashua Redlegs batting - Pitching for Beaverton Bronze Souls : RHP Arturo García | Batting: RHB Eleuterio Supardo | 0-0: Ball 1-0: Ground out 5-3 (Groundball, 5) | Batting: LHB Bob Campbell | 0-0: Called Strike 0-1: Ball 1-1: Ball 2-1: Ball 3-1: SINGLE (Flyball, 8LS) | Batting: RHB Gerald Miller | 0-0: Swinging Strike 0-1: Ball 1-1: Ball 2-1: Ball Bob Campbell steals 2nd base 3-1: Called Strike 3-2: Strikes out swinging | Batting: RHB William Rogers | 0-0: Foul Ball, location: 2F 0-1: Called Strike 0-2: Ball 1-2: Strikes out swinging | Top of the 4th over - 0 runs, 1 hit, 0 errors, 1 left on base; Nashua 1 - Beaverton 3 | BOTTOM OF THE 4TH |
---|
Beaverton Bronze Souls batting - Pitching for Nashua Redlegs : LHP Patrick Carlson | Batting: RHB Armando García | 0-0: Swinging Strike 0-1: Ball 1-1: Foul Ball, location: 2F 1-2: Foul Ball, location: 2F 1-2: Foul Ball, location: 2F 1-2: Ball 2-2: Foul Ball, location: 2F 2-2: Fly out, F7 (Flyball, 7LD) | Batting: RHB Rubén Ramírez | 0-0: Ball 1-0: Called Strike 1-1: Ground out 6-3 (Groundball, 6) | Batting: RHB Carlos Carrillo | 0-0: Called Strike 0-1: SINGLE (Groundball, 56D) | Batting: LHB Jonathan Belisle | 0-0: Ball 1-0: Ground out 1-3 (Groundball, 13) | Bottom of the 4th over - 0 runs, 1 hit, 0 errors, 1 left on base; Nashua 1 - Beaverton 3 | TOP OF THE 5TH |
---|
Nashua Redlegs batting - Pitching for Beaverton Bronze Souls : RHP Arturo García | Batting: RHB David Adams | 0-0: Foul Ball, location: 2F 0-1: Foul Ball, location: 2F 0-2: Strikes out swinging | Batting: RHB Jorge Valenzuela | 0-0: Called Strike 0-1: Swinging Strike 0-2: Strikes out looking | Batting: RHB António López | 0-0: Ball 1-0: Swinging Strike 1-1: Ball 2-1: Ball 3-1: Called Strike 3-2: Foul Ball, location: 2F 3-2: Base on Balls | Batting: RHB Manuel Pérez | 0-0: Called Strike 0-1: Ball 1-1: Ground out 1-3 (Groundball, P) | Top of the 5th over - 0 runs, 0 hits, 0 errors, 1 left on base; Nashua 1 - Beaverton 3 | BOTTOM OF THE 5TH |
---|
Beaverton Bronze Souls batting - Pitching for Nashua Redlegs : LHP Patrick Carlson | Batting: RHB Cameron Irwin | 0-0: Ball 1-0: SINGLE (Groundball, 2R) (infield hit) | Batting: RHB Nathan Smith | 0-0: Called Strike 0-1: Foul Ball, location: 2F 0-2: Ball 1-2: Strikes out swinging | Batting: RHB Júlio Rodríguez | 0-0: Ball 1-0: DOUBLE (Line Drive, 7LS) Cameron Irwin to third Runner from 3rd tries for Home, SAFE, no throw | Batting: RHB Pedro Rivera | 0-0: Swinging Strike 0-1: Swinging Strike 0-2: SINGLE (Groundball, 6MD) Júlio Rodríguez to third Runner from 3rd tries for Home, SAFE, no throw | Batting: RHB David Kerr | 0-0: Called Strike 0-1: Called Strike 0-2: Strikes out swinging | Batting: RHB Armando García | 0-0: Ball Pickoff Throw to First - Error! E1 Pedro Rivera to second 1-0: Ball 2-0: Foul Ball, location: 2F 2-1: Foul Ball, location: 2F 2-2: SINGLE (Line Drive, 7LS) Pedro Rivera to third Runner from 3rd tries for Home, SAFE, throw made home | Pitching: LHP Shannon Thomas | | Batting: RHB Rubén Ramírez | 0-0: Fly out, F7 (Flyball, 7) | Bottom of the 5th over - 3 runs, 4 hits, 1 error, 1 left on base; Nashua 1 - Beaverton 6 | TOP OF THE 6TH |
---|
Nashua Redlegs batting - Pitching for Beaverton Bronze Souls : RHP Arturo García | Batting: LHB Robby Lawson | 0-0: Called Strike 0-1: Ball 1-1: Called Strike 1-2: Ball 2-2: Ball 3-2: SINGLE (Groundball, 56D) | Batting: RHB Eleuterio Supardo | 0-0: Called Strike 0-1: Called Strike 0-2: Ball 1-2: Ball 2-2: Strikes out swinging | Batting: LHB Bob Campbell | 0-0: Ball 1-0: Ball 2-0: Foul Ball, location: 2F 2-1: Fly out, F8 (Flyball, 8LD) | Batting: RHB Gerald Miller | 0-0: Called Strike 0-1: Ball 1-1: Foul Ball, location: 2F 1-2: Ground out 4-3 (Groundball, 4) | Top of the 6th over - 0 runs, 1 hit, 0 errors, 1 left on base; Nashua 1 - Beaverton 6 | BOTTOM OF THE 6TH |
---|
Beaverton Bronze Souls batting - Pitching for Nashua Redlegs : LHP Shannon Thomas | Batting: RHB Carlos Carrillo | 0-0: Foul Ball, location: 2F 0-1: Foul Ball, location: 2F 0-2: Ball 1-2: Ground out 6-3 (Groundball, 6) | Batting: LHB Jonathan Belisle | 0-0: Called Strike 0-1: Swinging Strike 0-2: Strikes out looking | Batting: RHB Cameron Irwin | 0-0: Ball 1-0: Called Strike 1-1: Ground out 6-3 (Groundball, 6) | Bottom of the 6th over - 0 runs, 0 hits, 0 errors, 0 left on base; Nashua 1 - Beaverton 6 | TOP OF THE 7TH |
---|
Nashua Redlegs batting - Pitching for Beaverton Bronze Souls : RHP Arturo García | Pitching: RHP Pepe Torres | | Batting: RHB William Rogers | 0-0: Ball 1-0: Ball 2-0: Swinging Strike 2-1: Ball 3-1: Foul Ball, location: 2F 3-2: SINGLE (Groundball, 6MD) | Batting: RHB David Adams | 0-0: Ball 1-0: Foul Ball, location: 2F 1-1: Called Strike 1-2: Foul Ball, location: 2F 1-2: Grounds into double play, 4-6-3 (Groundball, 4) | Batting: RHB Jorge Valenzuela | 0-0: Swinging Strike 0-1: Foul Ball, location: 2F 0-2: Foul Ball, location: 2F 0-2: Strikes out looking | Top of the 7th over - 0 runs, 1 hit, 0 errors, 0 left on base; Nashua 1 - Beaverton 6 | BOTTOM OF THE 7TH |
---|
Beaverton Bronze Souls batting - Pitching for Nashua Redlegs : LHP Shannon Thomas | Batting: RHB Nathan Smith | 0-0: Called Strike 0-1: Ball 1-1: Ball 2-1: Ball 3-1: Base on Balls | Batting: RHB Júlio Rodríguez | 0-0: Fly out, F9 (Flyball, 9D) | Batting: RHB Pedro Rivera | 0-0: SINGLE (Groundball, 56) (infield hit) Nathan Smith to second | Batting: RHB David Kerr | 0-0: Ball 1-0: Ball Balk! Nathan Smith to third Pedro Rivera to second 2-0: Foul Ball, location: 2F 2-1: Called Strike 2-2: Foul Ball, location: 2F 2-2: SINGLE (Groundball, 6MD) Nathan Smith scores Pedro Rivera to third Runner from 3rd tries for Home, SAFE, throw made home David Kerr to second | Batting: RHB Armando García | 0-0: Foul Ball, location: 2F 0-1: Called Strike 0-2: Ball 1-2: Ball 2-2: Fly out, F5 (Popup, 5S) | Batting: RHB Rubén Ramírez | 0-0: Called Strike 0-1: Fly out, F7 (Flyball, 7) | Bottom of the 7th over - 2 runs, 2 hits, 0 errors, 1 left on base; Nashua 1 - Beaverton 8 | TOP OF THE 8TH |
---|
Nashua Redlegs batting - Pitching for Beaverton Bronze Souls : RHP Pepe Torres | Batting: RHB António López | 0-0: Ball 1-0: Foul Ball, location: 2F 1-1: Ground out 4-3 (Groundball, 4) | Batting: RHB Manuel Pérez | 0-0: Ball 1-0: Ground out 1-3 (Groundball, 13) | Batting: LHB Robby Lawson | 0-0: Fly out, F9 (Flyball, 89S) | Top of the 8th over - 0 runs, 0 hits, 0 errors, 0 left on base; Nashua 1 - Beaverton 8 | BOTTOM OF THE 8TH |
---|
Beaverton Bronze Souls batting - Pitching for Nashua Redlegs : LHP Shannon Thomas | Batting: RHB Carlos Carrillo | 0-0: Ball 1-0: Swinging Strike 1-1: Ball 2-1: Ground out 6-3 (Groundball, 6) | Batting: LHB Jonathan Belisle | 0-0: Called Strike 0-1: Ball 1-1: Foul Ball, location: 2F 1-2: Ground out U3 (Groundball, 3) | Batting: RHB Cameron Irwin | 0-0: Ball 1-0: Ground out 6-3 (Groundball, 56D) | Bottom of the 8th over - 0 runs, 0 hits, 0 errors, 0 left on base; Nashua 1 - Beaverton 8 | TOP OF THE 9TH |
---|
Nashua Redlegs batting - Pitching for Beaverton Bronze Souls : RHP Pepe Torres | Now at 1B: Balduíno Bruschy | | Batting: RHB Eleuterio Supardo | 0-0: Ball 1-0: Foul Ball, location: 2F 1-1: Swinging Strike 1-2: Fly out, F9 (Flyball, 9) | Batting: LHB Bob Campbell | 0-0: Ball 1-0: Ground out 1-3 (Groundball, 13) | Batting: RHB Gerald Miller | 0-0: Ball 1-0: Called Strike 1-1: Called Strike 1-2: Ball 2-2: Ball 3-2: Foul Ball, location: 2F 3-2: Base on Balls | Batting: RHB William Rogers | 0-0: SINGLE (Line Drive, 6MD) Gerald Miller to second | Batting: RHB David Adams | 0-0: Called Strike 0-1: Foul Ball, location: 2F 0-2: Strikes out looking | Top of the 9th over - 0 runs, 1 hit, 0 errors, 2 left on base; Nashua 1 - Beaverton 8 | |